TOP OF THE 1ST |
Bowling Green Hot Rods batting - Pitching for Greenville Drive : RHP Steve Capizzi
|
Pitching: RHP Steve Capizzi
|
|
Batting: RHB Jonathan Fraire
|
0-0: Fly out, F9 (Flyball, 9LS, EV 75.6 MPH)
|
Batting: LHB Jake Rheaume
|
0-0: Ball 1-0: Ball 2-0: Foul Ball, location: 2F 2-1: Ball 3-1: Base on Balls
|
Batting: RHB Adam Kaeser
|
0-0: Ball 1-0: Called Strike Jake Rheaume steals 2nd base 1-1: Called Strike 1-2: Fly out, F7 (Line Drive, 7, EV 91.9 MPH)
|
Batting: LHB Mario Ocana
|
0-0: Ball 1-0: Ball 2-0: Swinging Strike 2-1: Ground out 6-3 (Groundball, 4MS, EV 86.2 MPH)
|
Top of the 1st over - 0 runs, 0 hits, 0 errors, 1 left on base; Bowling Green 0 - Greenville 0 |
BOTTOM OF THE 1ST |
Greenville Drive batting - Pitching for Bowling Green Hot Rods : RHP Colin Lancey Jr.
|
Pitching: RHP Colin Lancey Jr.
|
|
Batting: RHB David Norum
|
0-0: Foul Ball, location: 2F 0-1: Foul Ball, location: 2F 0-2: Foul Ball, location: 2F 0-2: SINGLE (Groundball, 6MD, EV 111.9 MPH)
|
Batting: LHB Sergio Tinoco
|
0-0: Swinging Strike 0-1: Ball 1-1: SINGLE (Groundball, 3D, EV 109.4 MPH) David Norum to second Runner from 2nd tries for 3rd, SAFE, throw by RF made to third
|
Batting: RHB Dan Friess
|
0-0: Ball 1-0: Foul Ball, location: 2F 1-1: SINGLE (Flyball, 56D, EV 95.0 MPH) David Norum scores Sergio Tinoco to second
|
Batting: RHB Devon Fourcade
|
0-0: Grounds into double play, 5-4-3 (Groundball, 56, EV 104.4 MPH) Sergio Tinoco to third
|
Batting: RHB David Clark
|
0-0: Ground out 4-3 (Groundball, 4, EV 105.0 MPH)
|
Bottom of the 1st over - 1 run, 3 hits, 0 errors, 1 left on base; Bowling Green 0 - Greenville 1 |
TOP OF THE 2ND |
Bowling Green Hot Rods batting - Pitching for Greenville Drive : RHP Steve Capizzi
|
Batting: RHB David Ward
|
0-0: Foul Ball, location: 2F 0-1: Foul Ball, location: 2F 0-2: Fly out, F3 (Popup, 34, EV 71.2 MPH)
|
Batting: LHB Jimmy Detrie
|
0-0: Swinging Strike 0-1: DOUBLE (Groundball, 5L, EV 101.2 MPH)
|
Batting: SHB Julio Hernandez
|
0-0: Ball 1-0: Called Strike 1-1: Ground out 6-3 (Groundball, 4M, EV 88.1 MPH) Jimmy Detrie to third
|
Batting: RHB Kevin Benfield
|
0-0: Ground out 6-3 (Groundball, 6, EV 85.0 MPH)
|
Top of the 2nd over - 0 runs, 1 hit, 0 errors, 1 left on base; Bowling Green 0 - Greenville 1 |
BOTTOM OF THE 2ND |
Greenville Drive batting - Pitching for Bowling Green Hot Rods : RHP Colin Lancey Jr.
|
Batting: RHB Larry Brocato
|
0-0: Foul Ball, location: 2F 0-1: Ball 1-1: Ball 2-1: Foul Ball, location: 2F 2-2: Foul Ball, location: 2F 2-2: Foul Ball, location: 2F 2-2: Ground out 1-3 (Groundball, 15S, EV 71.9 MPH)
|
Batting: RHB John Chiesa
|
0-0: Called Strike 0-1: Fly out, F6 (Line Drive, 6, EV 60.0 MPH)
|
Batting: RHB Adugna Chandu
|
0-0: SINGLE (Line Drive, 5D, EV 97.5 MPH)
|
Batting: RHB Paul Long
|
0-0: Called Strike 0-1: Foul Ball, location: 2F 0-2: SINGLE (Line Drive, 78M, EV 104.4 MPH) Adugna Chandu to second
|
Batting: RHB David Norum
|
0-0: Called Strike 0-1: Ball 1-1: Ball 2-1: Swinging Strike 2-2: Ball 3-2: Base on Balls Adugna Chandu to third Paul Long to second
|
Batting: LHB Sergio Tinoco
|
0-0: Called Strike 0-1: Foul Ball, location: 2F 0-2: Fly out, F8 (Flyball, 8RD, EV 96.2 MPH)
|
Bottom of the 2nd over - 0 runs, 2 hits, 0 errors, 3 left on base; Bowling Green 0 - Greenville 1 |
TOP OF THE 3RD |
Bowling Green Hot Rods batting - Pitching for Greenville Drive : RHP Steve Capizzi
|
Batting: RHB Evan Chalarian
|
0-0: Called Strike 0-1: Foul Ball, location: 2F 0-2: Ball 1-2: Ground out 6-3 (Groundball, 6, EV 96.2 MPH)
|
Batting: RHB Jonathan Fraire
|
0-0: Ball 1-0: Ball 2-0: Foul Ball, location: 2F 2-1: Swinging Strike 2-2: SOLO HOME RUN (Line Drive, 7D, EV 101.2 MPH), Distance : 421 ft
|
Batting: LHB Jake Rheaume
|
0-0: Ball 1-0: Called Strike 1-1: Ball 2-1: SINGLE (Groundball, 6MS, EV 68.8 MPH) (infield hit)
|
Batting: RHB Adam Kaeser
|
0-0: Called Strike 0-1: Ball 1-1: Ball 2-1: DOUBLE (Flyball, 7LD, EV 92.5 MPH) Jake Rheaume to third Runner from 3rd tries for Home, SAFE, throw by LF to trailing runner, SAFE at third!
|
Batting: LHB Mario Ocana
|
0-0: Fly out, F8 (Flyball, 8RD, EV 94.4 MPH) Runner from 3rd tags up, SCORES, throw by CF
|
Batting: RHB David Ward
|
0-0: Swinging Strike 0-1: Ball 1-1: Ball 2-1: Foul Ball, location: 2F 2-2: Ground out 5-3 (Groundball, 56, EV 78.8 MPH)
|
Top of the 3rd over - 3 runs, 3 hits, 0 errors, 0 left on base; Bowling Green 3 - Greenville 1 |
BOTTOM OF THE 3RD |
Greenville Drive batting - Pitching for Bowling Green Hot Rods : RHP Colin Lancey Jr.
|
Batting: RHB Dan Friess
|
0-0: Ground out 5-3 (Groundball, 56S, EV 85.6 MPH)
|
Batting: RHB Devon Fourcade
|
0-0: Called Strike 0-1: Ball 1-1: Called Strike 1-2: Strikes out swinging, 2-3 out at first.
|
Batting: RHB David Clark
|
0-0: Ground out 6-3 (Groundball, 6, EV 88.1 MPH)
|
Bottom of the 3rd over - 0 runs, 0 hits, 0 errors, 0 left on base; Bowling Green 3 - Greenville 1 |
TOP OF THE 4TH |
Bowling Green Hot Rods batting - Pitching for Greenville Drive : RHP Steve Capizzi
|
Batting: LHB Jimmy Detrie
|
0-0: Foul Ball, location: 2F 0-1: Foul Ball, location: 2F 0-2: Ball 1-2: Ball 2-2: Ball 3-2: Ground out U3 (Groundball, 3, EV 86.9 MPH)
|
Batting: SHB Julio Hernandez
|
0-0: Called Strike 0-1: Ground out 4-3 (Groundball, 34, EV 107.5 MPH)
|
Batting: RHB Kevin Benfield
|
0-0: Ball 1-0: Ball 2-0: Called Strike 2-1: Called Strike 2-2: Ball 3-2: Base on Balls
|
Batting: RHB Evan Chalarian
|
0-0: Swinging Strike 0-1: Fielders Choice at 2nd, 6-4 (Groundball, 56, EV 89.4 MPH)
|
Top of the 4th over - 0 runs, 0 hits, 0 errors, 1 left on base; Bowling Green 3 - Greenville 1 |
BOTTOM OF THE 4TH |
Greenville Drive batting - Pitching for Bowling Green Hot Rods : RHP Colin Lancey Jr.
|
Batting: RHB Larry Brocato
|
0-0: Foul Ball, location: 2F 0-1: Ball 1-1: Ball 2-1: Foul Ball, location: 2F 2-2: Foul Ball, location: 2F 2-2: Foul Ball, location: 2F 2-2: Ball 3-2: Base on Balls
|
Batting: RHB John Chiesa
|
0-0: Ball Larry Brocato steals 2nd base 1-0: Called Strike 1-1: SINGLE (Line Drive, 8LS, EV 96.2 MPH) Larry Brocato to third
|
Batting: RHB Adugna Chandu
|
0-0: Called Strike 0-1: Called Strike 0-2: Ball 1-2: Ball 2-2: Foul Ball, location: 2F 2-2: Foul Ball, location: 2F 2-2: Strikes out swinging
|
Batting: RHB Paul Long
|
0-0: Fly out, F8 (Line Drive, 8LD, EV 84.4 MPH)
|
Batting: RHB David Norum
|
0-0: Fly out, F9 (Flyball, 89M, EV 87.5 MPH)
|
Bottom of the 4th over - 0 runs, 1 hit, 0 errors, 2 left on base; Bowling Green 3 - Greenville 1 |
TOP OF THE 5TH |
Bowling Green Hot Rods batting - Pitching for Greenville Drive : RHP Steve Capizzi
|
Batting: RHB Jonathan Fraire
|
0-0: Ground out 6-3 (Groundball, 6, EV 100.6 MPH)
|
Batting: LHB Jake Rheaume
|
0-0: Foul Ball, location: 2F 0-1: Called Strike 0-2: Foul Ball, location: 2F 0-2: Fly out, F8 (Line Drive, 8RD, EV 82.5 MPH)
|
Batting: RHB Adam Kaeser
|
0-0: DOUBLE (Flyball, 8LXD, EV 100.0 MPH)
|
Batting: LHB Mario Ocana
|
0-0: Swinging Strike 0-1: Called Strike 0-2: Strikes out swinging
|
Top of the 5th over - 0 runs, 1 hit, 0 errors, 1 left on base; Bowling Green 3 - Greenville 1 |
BOTTOM OF THE 5TH |
Greenville Drive batting - Pitching for Bowling Green Hot Rods : RHP Colin Lancey Jr.
|
Batting: LHB Sergio Tinoco
|
0-0: Ball 1-0: Swinging Strike 1-1: Fly out, F6 (Popup, 6D, EV 55.0 MPH)
|
Batting: RHB Dan Friess
|
0-0: Called Strike 0-1: Ball 1-1: Called Strike 1-2: Strikes out swinging
|
Batting: RHB Devon Fourcade
|
0-0: Ball 1-0: Called Strike 1-1: Ball 2-1: Foul Ball, location: 2F 2-2: SINGLE (Groundball, 5S, EV 71.9 MPH) (infield hit)
|
Batting: RHB David Clark
|
0-0: Ball 1-0: Ball 2-0: Foul Ball, location: 2F 2-1: Ball 3-1: Base on Balls Devon Fourcade to second
|
Batting: RHB Larry Brocato
|
0-0: Foul Ball, location: 2F 0-1: Ball 1-1: Foul Ball, location: 2F 1-2: Ball 2-2: Foul Ball, location: 2F 2-2: Strikes out swinging
|
Bottom of the 5th over - 0 runs, 1 hit, 0 errors, 2 left on base; Bowling Green 3 - Greenville 1 |
TOP OF THE 6TH |
Bowling Green Hot Rods batting - Pitching for Greenville Drive : RHP Steve Capizzi
|
Batting: RHB David Ward
|
0-0: Ball 1-0: Ball 2-0: Foul Ball, location: 2F 2-1: Foul Ball, location: 2F 2-2: Foul Ball, location: 2F 2-2: Hit by Pitch
|
Pinch Runner at 1st Azedine Kirui:
|
|
Batting: LHB Jimmy Detrie
|
0-0: Called Strike 0-1: Fielders Choice at 2nd, 5-4 (Groundball, 5, EV 79.4 MPH)
|
Batting: SHB Julio Hernandez
|
0-0: Called Strike 0-1: Foul Ball, location: 2F Balk! Jimmy Detrie to second 0-2: Ball 1-2: Ball 2-2: Fly out, F8 (Line Drive, 8RM, EV 85.6 MPH)
|
Batting: RHB Kevin Benfield
|
0-0: Swinging Strike 0-1: Reached on error, E6 (Groundball, 6, EV 84.4 MPH) Jimmy Detrie to third
|
Pitching: RHP Cameron Williams
|
|
Batting: RHB Evan Chalarian
|
0-0: Ball 1-0: Swinging Strike 1-1: Swinging Strike 1-2: Ball 2-2: Foul Ball, location: 2F 2-2: Hit by Pitch Kevin Benfield to second
|
Batting: RHB Jonathan Fraire
|
0-0: Called Strike 0-1: Fly out, F7 (Flyball, 78M, EV 90.0 MPH)
|
Top of the 6th over - 0 runs, 0 hits, 1 error, 3 left on base; Bowling Green 3 - Greenville 1 |
BOTTOM OF THE 6TH |
Greenville Drive batting - Pitching for Bowling Green Hot Rods : RHP Colin Lancey Jr.
|
Now at 2B: Virgil Laverick
|
|
Batting: RHB John Chiesa
|
0-0: Ground out U3 (Groundball, 34, EV 78.8 MPH)
|
Batting: RHB Adugna Chandu
|
0-0: Ball 1-0: Swinging Strike 1-1: Ball 2-1: Swinging Strike 2-2: Strikes out swinging
|
Batting: RHB Paul Long
|
0-0: Swinging Strike 0-1: Ground out 6-3 (Groundball, 6, EV 106.9 MPH)
|
Bottom of the 6th over - 0 runs, 0 hits, 0 errors, 0 left on base; Bowling Green 3 - Greenville 1 |
TOP OF THE 7TH |
Bowling Green Hot Rods batting - Pitching for Greenville Drive : RHP Cameron Williams
|
Batting: LHB Jake Rheaume
|
0-0: Fly out, F9 (Flyball, 9LM, EV 95.0 MPH)
|
Batting: RHB Adam Kaeser
|
0-0: Swinging Strike 0-1: Ball 1-1: Called Strike 1-2: Ground out U3 (Groundball, 34, EV 82.5 MPH)
|
Batting: LHB Mario Ocana
|
0-0: Ball 1-0: Called Strike 1-1: Foul Ball, location: 2F 1-2: Fly out, F4 (Popup, 34D, EV 61.2 MPH)
|
Top of the 7th over - 0 runs, 0 hits, 0 errors, 0 left on base; Bowling Green 3 - Greenville 1 |
BOTTOM OF THE 7TH |
Greenville Drive batting - Pitching for Bowling Green Hot Rods : RHP Colin Lancey Jr.
|
Batting: RHB David Norum
|
0-0: Called Strike 0-1: Ball 1-1: Called Strike 1-2: Ground out 4-3 (Groundball, 34, EV 78.8 MPH)
|
Batting: LHB Sergio Tinoco
|
0-0: Ball 1-0: Ball 2-0: Foul Ball, location: 2F 2-1: Ball 3-1: Foul Ball, location: 2F 3-2: Strikes out swinging
|
Batting: RHB Dan Friess
|
0-0: Ball 1-0: Swinging Strike 1-1: SINGLE (Line Drive, 9LS, EV 92.5 MPH)
|
Batting: RHB Devon Fourcade
|
0-0: Foul Ball, location: 2F 0-1: Foul Ball, location: 2F 0-2: Strikes out looking
|
Bottom of the 7th over - 0 runs, 1 hit, 0 errors, 1 left on base; Bowling Green 3 - Greenville 1 |
TOP OF THE 8TH |
Bowling Green Hot Rods batting - Pitching for Greenville Drive : RHP Cameron Williams
|
Batting: SHB Virgil Laverick
|
0-0: SINGLE (Groundball, 6S, EV 73.1 MPH) (infield hit)
|
Batting: LHB Jimmy Detrie
|
0-0: Ball 1-0: Called Strike 1-1: Bunt missed! 1-2: SINGLE (Groundball, 56S, EV 64.4 MPH) (infield hit) Virgil Laverick to second
|
Batting: SHB Julio Hernandez
|
0-0: Sac Bunt to 13 - play at first, batter OUT! 1-3 Virgil Laverick to third Jimmy Detrie to second
|
Batting: RHB Kevin Benfield
|
0-0: Intentional Walk
|
Batting: RHB Evan Chalarian
|
0-0: Grounds into double play, 6-2-3 (Groundball, 15, EV 83.1 MPH)
|
Top of the 8th over - 0 runs, 2 hits, 0 errors, 2 left on base; Bowling Green 3 - Greenville 1 |
BOTTOM OF THE 8TH |
Greenville Drive batting - Pitching for Bowling Green Hot Rods : RHP Colin Lancey Jr.
|
Now at 2B: Mario Ocana
|
|
Now at SS: Eric Waugaman
|
|
Batting: RHB David Clark
|
0-0: Called Strike 0-1: Foul Ball, location: 2F 0-2: Strikes out looking
|
Pitching: LHP Brian Kelly
|
|
Batting: RHB Larry Brocato
|
0-0: Called Strike 0-1: Foul Ball, location: 2F 0-2: Strikes out swinging
|
Batting: RHB John Chiesa
|
0-0: Fly out, F7 (Flyball, 7, EV 83.8 MPH)
|
Bottom of the 8th over - 0 runs, 0 hits, 0 errors, 0 left on base; Bowling Green 3 - Greenville 1 |
TOP OF THE 9TH |
Bowling Green Hot Rods batting - Pitching for Greenville Drive : RHP Cameron Williams
|
Pitching: RHP Roberto Morales
|
|
Batting: RHB Jonathan Fraire
|
0-0: Ball 1-0: Fly out, F8 (Flyball, 8RD, EV 91.9 MPH)
|
Batting: LHB Jake Rheaume
|
0-0: Ball 1-0: Ball 2-0: Ball 3-0: Called Strike 3-1: Swinging Strike 3-2: Base on Balls
|
Batting: RHB Adam Kaeser
|
0-0: Ball Jake Rheaume steals 2nd base 1-0: Foul Ball, location: 2F 1-1: Called Strike 1-2: Foul Ball, location: 2F 1-2: Foul Ball, location: 2F 1-2: Ground out 5-3 (Groundball, 5S, EV 64.4 MPH) Jake Rheaume to third
|
Batting: LHB Mario Ocana
|
0-0: Called Strike 0-1: Foul Ball, location: 2F 0-2: Strikes out looking
|
Top of the 9th over - 0 runs, 0 hits, 0 errors, 1 left on base; Bowling Green 3 - Greenville 1 |
BOTTOM OF THE 9TH |
Greenville Drive batting - Pitching for Bowling Green Hot Rods : LHP Brian Kelly
|
Pitching: RHP Al Speer
|
|
Batting: RHB Adugna Chandu
|
0-0: Called Strike 0-1: Ball 1-1: Ball 2-1: Ball 3-1: Base on Balls
|
Batting: RHB Paul Long
|
0-0: Called Strike 0-1: Ball 1-1: Swinging Strike 1-2: Strikes out swinging
|
Batting: RHB David Norum
|
0-0: Called Strike 0-1: Ball 1-1: Swinging Strike 1-2: Foul Ball, location: 2F 1-2: Strikes out swinging
|
Batting: LHB Sergio Tinoco
|
0-0: Ball 1-0: Called Strike 1-1: Ball 2-1: Foul Ball, location: 2F 2-2: TRIPLE (Line Drive, 89XD, EV 108.8 MPH) Adugna Chandu scores
|
Batting: RHB Dan Friess
|
0-0: Foul Ball, location: 2F 0-1: Ball 1-1: Ball 2-1: Foul Ball, location: 2F 2-2: Ball 3-2: Fly out, F9 (Flyball, 89D, EV 98.8 MPH)
|
Bottom of the 9th over - 1 run, 1 hit, 0 errors, 1 left on base; Bowling Green 3 - Greenville 2 |
|